 Dungeon Crawl Stone Soup version 0.27-a0-1188-g73eefd5def (webtiles) character file.

Game seed: 2916099621396391614

74 chippings the Magician (level 4, -1/30 HPs)
             Began as a Mummy Fire Elementalist on May 21, 2021.
             Slain by an orc
             ... wielding a +0 hand axe of flaming
              (3 damage)
             ... on level 4 of the Dungeon.
             The game lasted 00:04:59 (2136 turns).

chippings the Magician (Mummy Fire Elementalist)    Turns: 2136, Time: 00:05:00

Health: -1/30      AC:  3    Str: 11    XL:     4   Next: 10%
Magic:  2/9        EV: 12    Int: 15    God:
Gold:   120        SH:  0    Dex: 12    Spells: 9/10 levels left

rFire    x . .     SeeInvis .   c - staff of conjuration
rCold    + . .     Faith    .   (no shield)
rNeg     + + +     Spirit   .   a - +0 robe
rPois    ∞         Reflect  .   (no helmet)
rElec    .         Harm     .   (no cloak)
rCorr    .         Rampage  .   (no gloves)
Will     .....                  d - +0 pair of boots
Stlth    ++........             (no amulet)
HPRegen  0.10/turn              (no ring)
MPRegen  0.11/turn              (no ring)

@: no status effects
A: cold resistance 1, negative energy resistance 3, torment resistance 2, heat
vulnerability 1, no potions
a: no special abilities


You were on level 4 of the Dungeon.
You visited 1 branch of the dungeon, and saw 4 of its levels.

You collected 120 gold pieces.

Inventory:

Armour
 a - a +0 robe (worn)
 d - a +0 pair of boots (worn)
Magical Staves
 c - a staff of conjuration (weapon)
Scrolls
 b - a scroll of fear
 f - a scroll of identify


   Skills:
 - Level 1.5 Dodging
 - Level 1.5 Stealth
 + Level 3.8 Spellcasting
 + Level 1.9 Conjurations
 + Level 3.1 Fire Magic


You had 9 spell levels left.
You knew the following spells:

 Your Spells              Type           Power      Damage    Failure   Level
a - Foxfire               Conj/Fire      60%        2x1d7     7%          1

Your spell library contained the following spells:

 Spells                   Type           Power      Damage    Failure   Level
 Conjure Flame            Conj/Fire      15%        6-21      21%         3
 Inner Flame              Hex/Fire       7%         N/A       28%         3
 Sticky Flame             Conj/Fire      15%        2d4       54%         4
 Fireball                 Conj/Fire      7%         3d5       88%         5


Dungeon Overview and Level Annotations

Branches:
Dungeon (4/15)
 Temple: D:4-7

Altars:
Fedhas
Uskayaw
The Shining One

Shops:
D:3 [


Innate Abilities, Weirdness & Mutations

You are immune to poison.
Your flesh is cold resistant. (rC+)
You are immune to negative energy. (rN+++)
You are immune to unholy pain and torment.
You are vulnerable to heat. (rF-)
You do not drink.


Message History

The foxfire hits the ogre.
The ogre is heavily wounded.
The foxfire hits the ogre.
The ogre is heavily wounded.
Casting: Foxfire (safe; 7% risk of failure)
Confirm with . or Enter, or press ? or * to list all spells.
You feel a surge of power!
You conjure some foxfire!
The foxfire hits the jackal.
You kill the jackal!
The foxfire hits the ogre.
The ogre is severely wounded.
Found 12 gold pieces.
Casting: Foxfire (safe; 7% risk of failure)
Confirm with . or Enter, or press ? or * to list all spells.
You feel a surge of power!
You conjure some foxfire!
The ogre hits you with a +0 giant spiked club!
Ouch! That really hurt!
The foxfire hits the ogre.
The ogre is severely wounded.
The foxfire hits the ogre.
The ogre is almost dead.
Your magical contamination has completely faded away.
Unknown command.
Okay, then.
You can't drink.
As you read the scroll labelled TOICELLELI, it crumbles to dust.
It is a scroll of enchant weapon.
You aren't carrying any weapons that can be enchanted.
The orc hits you with a +0 hand axe of flaming.
The orc burns you.
* * * LOW HITPOINT WARNING * * *
The ogre misses you.
You aren't carrying any items that you can evoke.
As you read the scroll labelled PAEHI DAPURGHUTT, it crumbles to dust.
It is a scroll of identify.
b - a scroll of fear The orc hits you with a +0 hand axe of flaming.
* * * LOW HITPOINT WARNING * * *
The orc burns you.
You die...

...............
..........$....
................
..................
...................
...................
...................
...........@.......
..........Ooo......
#................
#......<†........
###...#............
...................
...................
...................
.........†.........


You could see an ogre and 2 orcs.

Vanquished Creatures
  A gnoll (D:1)
  A dart slug (D:1)
  4 bats
  4 endoplasms (D:2)
  2 giant cockroaches
  8 goblins
  4 hobgoblins
  8 jackals
  4 quokkas
  9 ball pythons
  3 kobolds
  9 rats
57 creatures vanquished.

Vanquished Creatures (others)
  133 foxfires
133 creatures vanquished.

Grand Total: 190 creatures vanquished

Notes
Turn   | Place    | Note
-------+----------+-------------------------------------------
     0 | D:1      | chippings the Mummy Fire Elementalist began the quest for
                  | the Orb.
     0 | D:1      | Reached XP level 1. HP: 13/13 MP: 4/4
    31 | D:1      | Reached skill level 1 in Conjurations
    60 | D:1      | Reached XP level 2. HP: 13/19 MP: 0/6
   603 | D:1      | Reached XP level 3. HP: 10/24 MP: 2/7
  1605 | D:3      | Found a hide-covered altar of Uskayaw.
  1606 | D:3      | Found a blossoming altar of Fedhas.
  1696 | D:3      | Found Xaibrung's Antique Armour Shoppe.
  1810 | D:3      | Reached XP level 4. HP: 30/30 MP: 6/9
  2123 | D:4      | Noticed an ogre
  2136 | D:4      | Slain by an orc

Illustrated notes

Levels and vault maps discovered:
D:1:      dpeg_arrival_tiny_j, layout_rooms, serial_forest,
          infiniplex_forest_straight_2, infiniplex_forest_end_2,
          infiniplex_forest_lined_4_way, infiniplex_forest_side_room,
          infiniplex_forest_end_2, infiniplex_forest_straight_2, minivault_27,
          minmay_misc_feat_nine_boxes, minmay_tetromino_l2
D:2:      layout_rooms
D:3:      layout_basic, gammafunk_temple_overflow_forgotten, serial_shops, shop
D:4:      layout_basic, nzn_hepliaklqana_mist_gate,
          nicolae_dithmenos_through_a_glass_darkly, minmay_temple_entry_fiery,
          amcnicky_mini_rare_corridor_liquid

Skill      XL: |  1  2  3 |
---------------+----------+-----
Conjurations   | 1 |  1.9
Spellcasting   | 3 |  3.8
Fire Magic     | 3 |  3.1
Dodging        | |  1.5
Stealth        | |  1.5

Action                   |  1- 3 |  4- 6 || total
-------------------------+-------+-------++-------
Melee: Dagger            |     7 |       ||     7
       Unarmed           |     2 |       ||     2
       Staff             |     9 |       ||     9
 Cast: Foxfire           |    70 |    10 ||    80
  Use: Scroll            |       |     2 ||     2
Armor: Robe              |    10 |       ||    10
Dodge: Dodged            |    33 |     3 ||    36

Table legend: (Time is in decaauts)
 A = Elapsed time spent in this place.
 B = Non-inter-level travel time spent in this place.
 C = Inter-level travel time spent in this place.
 D = Time resting spent in this place.
 E = Time spent auto-exploring this place.
 F = Levels seen in this place.
 G = Mean time per level.
                   A        B        C        D        E       F      G
               +--------+--------+--------+--------+--------+-----+--------+
         Total |   2135 |   2089 |     46 |     71 |   1361 |   4 |  533.8 |
       Dungeon |   2135 |   2089 |     46 |     71 |   1361 |   4 |  533.8 |
               +--------+--------+--------+--------+--------+-----+--------+

Top non-repeatable levels by time:
     D:1: 912 daAuts
     D:3: 676 daAuts
     D:2: 526 daAuts
     D:4: 20 daAuts
